 Dungeon Crawl Stone Soup version 0.23-a0-726-g9fa1570 (webtiles) character file.

17887 Pomparse the Grappler (level 12, -26/108 (109) HPs)
             Began as a Troll Warper on Jan 16, 2019.
             Was an Elder of the Shining One.
             Annihilated by a very large slime creature (43 damage)
             ... on level 12 of the Dungeon.
             The game lasted 00:40:19 (13553 turns).

Pomparse the Grappler (Troll Warper)               Turns: 13553, Time: 00:40:19

HP:   -26/108 (109) AC: 12    Str: 22    XL:     12   Next: 22%
MP:   18/18         EV: 10    Int: 13    God:    the Shining One [****..]
Gold: 551           SH:  0    Dex:  9    Spells: 13/21 levels left

rFire    . . .     SeeInvis +     - Unarmed
rCold    + . .     Gourm    +   (no shield)
rNeg     + + +     Faith    +   r - +1 animal skin
rPois    .         Spirit   .   (helmet restricted)
rElec    .         Reflect  .   K - +2 cloak
rCorr    .         Harm     .   (gloves unavailable)
MR       .....                  (boots unavailable)
Stlth    +.........             U - amulet of faith
HPRegen  0.68/turn              y - ring of Res Nullius {rC+ rN+ SInv Stlth+}
MPRegen  0.16/turn              P - +3 ring of protection

@: glowing, studying Poison Magic
A: large, unfitting armour, claws 3, fast metabolism 3, gourmand, regeneration
1, shaggy fur 1, tough skin 2
a: Divine Shield, Cleansing Flame, Renounce Religion


You were on level 12 of the Dungeon.
You worshipped the Shining One.
The Shining One was greatly pleased with you.
You were full.

You visited 2 branches of the dungeon, and saw 13 of its levels.
You also visited: Sewer.

You collected 551 gold pieces.

Inventory:

Hand Weapons
 C - a +0 blowgun
 H - a +2 spear of venom
 I - a +0 blowgun
 J - a +0 trident
 Q - a +2 trident of piercing
 S - a +3 scimitar of flaming
Missiles
 d - 5 tomahawks of dispersal
 j - 379 stones (quivered)
 p - 5 curare-tipped needles
 D - 89 poisoned needles
 L - 10 large rocks
Armour
 r - a +1 animal skin (worn)
 K - a +2 cloak (worn)
 R - a +0 troll leather armour
Magical Staves
 O - an uncursed staff of earth
Jewellery
 y - the ring of Res Nullius (left claw) {rC+ rN+ SInv Stlth+}
   (You found it on level 4 of the Dungeon)

   [ring of see invisible]

   It protects you from cold.
   It protects you from negative energy.
   It lets you see invisible.
   It makes you more stealthy.
 P - a +3 ring of protection (right claw)
 U - an amulet of faith (around neck)
Wands
 a - a wand of random effects (20)
 B - a wand of flame (53)
Scrolls
 c - 4 scrolls of blinking
 h - 4 scrolls of remove curse
 k - a scroll of enchant weapon {unknown}
 l - 2 scrolls of enchant armour {unknown}
 m - 4 scrolls of immolation {unknown}
 n - 2 scrolls of fog {unknown}
 q - 2 scrolls of identify
 v - 11 scrolls of teleportation
 w - 3 scrolls of fear {unknown}
 E - 3 scrolls of magic mapping
 G - 2 scrolls of amnesia {unknown}
 M - 2 scrolls of summoning {unknown}
 T - 2 scrolls of silence {unknown}
Potions
 b - 3 potions of agility
 e - 3 potions of heal wounds
 g - 2 potions of ambrosia
 i - a potion of mutation {unknown}
 o - 4 potions of brilliance
 s - 3 potions of might
 t - 8 potions of curing
 u - a potion of degeneration {unknown}
 x - 2 potions of lignification
 z - 3 potions of haste
 A - a potion of berserk rage
 F - 3 potions of flight {unknown}
Books
 N - a manual of Poison Magic
Comestibles
 f - 27 rations


   Skills:
 + Level 4.5 Fighting
   Level 0.4 Axes
 - Level 0.8 Throwing
 - Level 1.9 Dodging
 - Level 0.1 Stealth
 + Level 14.3 Unarmed Combat
 - Level 5.0 Spellcasting
 - Level 3.1 Charms
 * Level 6.5 Translocations
 * Level 3.7 Invocations
 - Level 0.2 Evocations


You had 13 spell levels left.
You knew the following spells:

 Your Spells              Type           Power        Failure   Level  Hunger
a - Blink                 Tloc           N/A          1%          2    ##.....
b - Shroud of Golubria    Chrm/Tloc      ###.......   3%          2    ##.....
c - Passage of Golubria   Tloc           N/A          13%         4    ####...

Your spell library contained the following spells:

 Spells                   Type           Power        Failure   Level  Hunger
 Gell's Gravitas          Tloc           ###.......   3%          3    ###....
 Lesser Beckoning         Tloc           ###.......   3%          3    ###....
 Teleport Other           Tloc           ###.....     3%          3    ###....
 Corona                   Hex            #......      19%         1    None
 Ensorcelled Hibernation  Hex/Ice        #.....       28%         2    ##.....
 Confuse                  Hex            #.......     50%         3    ###....
 Dazzling Spray           Conj/Hex       #.....       50%         3    ###....
 Tukima's Dance           Hex            #.......     50%         3    ###....
 Dragon's Call            Summ           #.........   100%        9    #######


Dungeon Overview and Level Annotations

Branches:
Dungeon (12/15)            Temple (1/1) D:5            Lair (0/6) D:10
    Orc (0/2) D:10

Altars:
Ashenzari
Cheibriados
Dithmenos
Elyvilon
Fedhas
Gozag
Hepliaklqana
Kikubaaqudgha
Okawaru
Ru
Trog
Uskayaw
Vehumet
Wu Jian
Xom
Yredelemnul
Zin
The Shining One

Shops:
D:10 [(?=}   D:11 ?

Annotations:
D:1 exclusion: downstairs
D:4 exclusion: downstairs


Innate Abilities, Weirdness & Mutations

You are too large for most types of armour.
You have claws for hands.
Your metabolism is lightning-fast.
You like to eat raw meat.
Your natural rate of healing is unusually fast.
You are covered in fur. (AC +1)
You have very tough skin. (AC +2)


Message History

You are too injured to fight recklessly!
You are too injured to fight recklessly!
You are too injured to fight recklessly!
You are too injured to fight recklessly!
You are too injured to fight recklessly!
You scratch the large slime creature.
The large slime creature is lightly wounded.
The very large slime creature closely misses you.
You claw the very large slime creature!
The very large slime creature is severely wounded.
The large slime creature hits you!
You scratch the very large slime creature but do no damage.
The very large slime creature is severely wounded.
The very large slime creature hits you!!
* * * LOW HITPOINT WARNING * * *
The large slime creature hits you but does no damage.
You scratch the very large slime creature but do no damage.
The very large slime creature is severely wounded.
The very large slime creature hits you!!!
You die...

#.....#
#.##### #.#
#.# ## #.#
.. #.# .#
### #.#
.#...#
#.###J....#
#...@J....#
###########


You could see a very large slime creature and a large slime creature.

Vanquished Creatures
  Erica (D:11)
  A hydra (D:9)
  A death knight (D:11)
  2 two-headed ogres (D:9)
  A queen ant (D:11)
  Sonja (D:10)
  An unseen horror (D:11)
  A deep elf mage (D:12)
  An ugly thing (D:12)
  2 cyclopes
  A manticore (D:11)
  A kobold demonologist (D:9)
  A tengu conjurer (D:10)
  2 trolls (D:10)
  4 hippogriffs
  A vampire (D:11)
  A shadow (D:11)
  7 yaks (D:9)
  4 water elementals (D:10)
  A wyvern (D:9)
  A hungry ghost (D:11)
  Menkaure (D:4)
  4 wargs (D:10)
  4 soldier ants (D:11)
  3 ice beasts
  4 orc warriors
  3 sky beasts
  2 black bears
  3 necrophages (D:11)
  6 ogres
  A phantom (D:9)
  2 centaurs
  A crocodile (D:9)
  3 bullfrogs
  3 big kobolds
  2 gnoll sergeants (D:10)
  A scorpion (D:9)
  17 killer bees
  4 wights
  2 howler monkeys
  A bullfrog zombie (D:11)
  5 crimson imps
  3 centaur skeletons
  2 bullfrog skeletons
  8 orc priests
  9 hounds
  2 jellies
  Crazy Yiuf (D:6)
  2 iguanas
  12 orc wizards
  26 worker ants
  2 killer bee zombies (D:9)
  A hound zombie (D:5)
  A mummy (D:11)
  A howler monkey zombie (D:11)
  3 worker ant zombies
  Robin (D:2)
  15 adders
  12 gnolls
  A howler monkey skeleton (D:8)
  8 river rats
  A shadow imp (D:6)
  4 oozes
  4 adder zombies
  4 worms
  A dart slug (D:2)
  3 leopard geckos
  33 orcs
  5 bats
  3 giant cockroaches
  9 hobgoblins
  7 jackals
  21 kobolds
  7 quokkas
  5 ball pythons
  6 frilled lizards
  15 goblins
  2 jackal skeletons (D:4)
  A leopard gecko skeleton (D:7)
  A quokka skeleton (D:7)
  24 rats
  A butterfly (D:5)
375 creatures vanquished.

Vanquished Creatures (others)
  A gnoll (D:10)
  A jackal (D:3)
  2 plants (D:10)
4 creatures vanquished.

Grand Total: 379 creatures vanquished

Notes
Turn   | Place    | Note
-------+----------+-------------------------------------------
     0 | D:1      | Pomparse the Troll Warper began the quest for the Orb.
     0 | D:1      | Reached XP level 1. HP: 19/19 MP: 1/1
   214 | D:1      | Reached XP level 2. HP: 21/28 MP: 1/3
   500 | D:1      | Reached XP level 3. HP: 27/35 MP: 4/4
   504 | D:1      | Learned a level 2 spell: Blink
   848 | D:2      | Noticed an ice beast
   988 | D:2      | Noticed Robin
  1006 | D:2      | Killed Robin
  1013 | D:1      | Reached skill level 3 in Unarmed Combat
  1028 | D:1      | Reached XP level 4. HP: 42/42 MP: 5/5
  1730 | D:3      | Reached skill level 4 in Unarmed Combat
  1730 | D:3      | Reached XP level 5. HP: 43/49 MP: 7/7
  2734 | D:4      | Reached XP level 6. HP: 43/57 MP: 8/8
  2855 | D:4      | Noticed Menkaure
  2864 | D:4      | Killed Menkaure
  2864 | D:4      | Reached skill level 5 in Unarmed Combat
  3261 | D:4      | Reached XP level 7. HP: 66/66 MP: 9/9
  3377 | D:4      | Got a wavering copper ring
  3378 | D:4      | Identified the ring of Res Nullius {rC+ rN+ SInv Stlth+}
                  | (You found it on level 4 of the Dungeon)
  3426 | D:4      | Reached skill level 6 in Unarmed Combat
  3852 | D:5      | Entered Level 5 of the Dungeon
  4044 | D:5      | Found a staircase to the Ecumenical Temple.
  4215 | D:4      | Learned a level 2 spell: Shroud of Golubria
  4224 | D:5      | Found a glowing drain.
  4232 | Sewer    | Entered a sewer
  5166 | D:5      | Reached skill level 7 in Unarmed Combat
  5166 | D:5      | Reached XP level 8. HP: 74/74 MP: 11/11
  5400 | D:5      | Reached skill level 1 in Charms
  5465 | Temple   | Entered the Ecumenical Temple
  5510 | Temple   | Became a worshipper of the Shining One
  5947 | D:6      | Found a bloodstained altar of Trog.
  5957 | D:6      | Learned a level 4 spell: Passage of Golubria
  6180 | D:6      | Found a runed door.
  6406 | D:6      | Reached skill level 8 in Unarmed Combat
  6578 | D:6      | Noticed Crazy Yiuf
  6586 | D:6      | Killed Crazy Yiuf
  6825 | D:7      | Reached * piety under the Shining One
  6825 | D:7      | Reached XP level 9. HP: 83/83 MP: 13/13
  6908 | D:7      | Reached skill level 9 in Unarmed Combat
  8102 | D:9      | Reached skill level 10 in Unarmed Combat
  8297 | D:9      | Noticed a kobold demonologist
  8297 | D:9      | Noticed a two-headed ogre
  8297 | D:9      | Reached ** piety under the Shining One
  8329 | D:9      | Noticed a cyclops
  8351 | D:9      | Killed a two-headed ogre
  8355 | D:9      | Killed a kobold demonologist
  8355 | D:9      | Reached XP level 10. HP: 60/92 MP: 13/15
  8453 | D:9      | Killed a cyclops
  8457 | D:9      | Reached skill level 11 in Unarmed Combat
  8466 | D:9      | Found a shimmering altar of Xom.
  8543 | D:9      | Identified The Lost Secrets of Magic
  8666 | D:9      | Noticed a two-headed ogre
  8674 | D:9      | Killed a two-headed ogre
  8718 | D:9      | Noticed a seven-headed hydra
  8734 | D:9      | Killed a six-headed hydra
  8734 | D:9      | Reached skill level 5 in Translocations
  9089 | D:9      | Reached skill level 12 in Unarmed Combat
  9282 | D:9      | Reached XP level 11. HP: 82/100 MP: 16/16
  9588 | D:10     | Entered Level 10 of the Dungeon
  9612 | D:10     | Reached *** piety under the Shining One
  9696 | D:10     | Found Awkag's Magic Scroll Boutique.
  9726 | D:10     | Found Dasuh's Armour Emporium.
  9764 | D:10     | Noticed Sonja
  9770 | D:10     | Killed Sonja
  9770 | D:10     | Reached skill level 1 in Invocations
 10079 | D:10     | Found a staircase to the Orcish Mines.
 10401 | D:10     | Found Ziell's Gadget Boutique.
 10519 | D:10     | Found Gizos's Jewellery Shoppe.
 10554 | D:10     | Reached skill level 13 in Unarmed Combat
 10577 | D:10     | Found a staircase to the Lair.
 10842 | D:10     | Found a blossoming altar of Fedhas.
 11122 | D:10     | Found Xitiushe's Weapon Shoppe.
 11209 | D:11     | Reached skill level 5 in Spellcasting
 11319 | D:11     | Noticed a queen ant
 11334 | D:11     | Killed a queen ant
 11635 | D:11     | Found Noluuk's Magic Scroll Shop.
 11919 | D:11     | Noticed Erica
 11928 | D:11     | Killed Erica
 12108 | D:11     | Reached **** piety under the Shining One
 12317 | D:11     | Noticed a death knight
 12329 | D:11     | HP: 5/101 [mirror damage (11)]
 12331 | D:11     | Killed a death knight
 12331 | D:11     | Reached XP level 12. HP: 12/109 MP: 16/18
 12689 | D:11     | Reached skill level 14 in Unarmed Combat
 13553 | D:12     | Annihilated by a very large slime creature

Vault maps used:
D:1:      kennysheep_arrival_forest, serial_forest, infiniplex_forest_corner_1,
          infiniplex_forest_clump_medium, infiniplex_forest_lined_corner,
          infiniplex_forest_lined_room_, infiniplex_forest_lined_corner,
          infiniplex_forest_clump_long, chequers_garden
D:2:      uniq_robin
D:3:      first_ration
D:4:      chequers_serial_rivers_large_b, uniq_menkaure
D:5:      minmay_temple_entry_butterflies, portal_sewer_entry_a, minivault_27,
          st_stairs_2
D:6:      bloody_trog, minmay_misc_feat_chi, uniq_crazy_yiuf_cottage
D:7:      black_bear_nest_1
D:9:      minmay_the_grid_octo_tiled_squarecenter
D:10:     lair_entry_dummy, minmay_orc_entry_guard_dogs, serial_shops,
          kennysheep_mini_moat, nicolae_shop_trees, nicolae_shop_stone,
          nicolae_shop_trees, nicolae_shop_competitors_out_of_business,
          basic_altar, grunt_tengu_nest, nicolae_underground_beach, uniq_sonja
D:11:     minmay_chambers_of_sixes, serial_shops, shop, serial_undead,
          serial_undead_e, serial_undead_d, serial_undead_f, serial_undead_b,
          minmay_another_anthill, uniq_erica
D:12:     nicolae_trove_entry_crossroad, kennysheep_another_room
Temple:   grunt_wide_crystal_templ
Sewer:    sewer_minmay_treatment

Skill      XL: |  1  2  3  4  5  6  7  8  9 10 11 12 |
---------------+-------------------------------------+-----
Fighting       | 2 3 4 |  4.5
Unarmed Combat | 3 4 5 7 8 10 12 13 14 | 14.3
Spellcasting   | 2 3 4 5 |  5.0
Translocations | 3 4 5 6 |  6.5
Charms         | 1 2 3 |  3.1
Invocations    | 3 |  3.7
Axes           | |  0.4
Throwing       | |  0.8
Dodging        | |  1.9
Stealth        | |  0.1
Evocations     | |  0.2

Action                   |  1- 3 |  4- 6 |  7- 9 | 10-12 || total
-------------------------+-------+-------+-------+-------++-------
Melee: Unarmed           |    83 |   186 |   430 |   407 ||  1106
       Punch             |     2 |       |    13 |    27 ||    42
       Hand axe          |       |       |       |     1 ||     1
Throw: Stone             |       |     5 |       |     1 ||     6
Invok: Divine Shield     |       |       |       |     1 ||     1
Evoke: Wand              |       |       |     1 |    11 ||    12
       Phantom mirror    |       |       |     1 |       ||     1
  Use: Scroll            |       |       |     5 |     5 ||    10
       Potion            |       |       |     2 |     1 ||     3
 Stab: Distracted        |       |     1 |       |       ||     1
       Sleeping          |       |       |     2 |       ||     2
  Eat: Chunk             |    12 |    22 |    44 |    51 ||   129
Armor: Robe              |    27 |     6 |       |       ||    33
       Animal skin       |       |    57 |   161 |   140 ||   358
Dodge: Dodged            |    40 |    87 |   186 |   165 ||   478
Block: Other             |       |       |       |     1 ||     1

Table legend:
 A = Non-vault XP
 B = Vault XP
 C = Vault XP percentage of total XP
 D = Non-vault monster count
 E = Vault monster count
 F = Vault count percentage of total count
                 A         B        C        D         E       F
            +---------+---------+-------+---------+---------+-------
      Total |   13280 |   12274 |  48.0 |     236 |     138 |  36.9
            +---------+---------+-------+---------+---------+-------
        D:1 |      45 |       6 |  11.8 |      17 |       3 |  15.0
        D:2 |      53 |      31 |  36.9 |      10 |      10 |  50.0
        D:3 |     168 |       0 |   0.0 |      30 |       0 |   0.0
        D:4 |     441 |     172 |  28.1 |      24 |       1 |   4.0
        D:5 |     554 |      91 |  14.1 |      21 |       5 |  19.2
        D:6 |     537 |      37 |   6.4 |      14 |       1 |   6.7
        D:7 |    1105 |     124 |  10.1 |      25 |       1 |   3.8
        D:8 |     232 |       0 |   0.0 |       5 |       0 |   0.0
        D:9 |    3711 |    3902 |  51.3 |      34 |      23 |  40.4
       D:10 |    2787 |    2621 |  48.5 |      32 |      10 |  23.8
       D:11 |    2348 |    5041 |  68.2 |      19 |      36 |  65.5
       D:12 |    1299 |       0 |   0.0 |       5 |       0 |   0.0
      Sewer |       0 |     249 | 100.0 |       0 |      48 | 100.0
            +---------+---------+-------+---------+---------+-------
